AoeStats
← Do Not Flush

Arabia

509897183Analyzed
1v1 RM · 4d ago on Sep 28, 2026· 42m 35s· 2 players
Game mode
Random Map
Map size
Tiny (2 player)
Population
200
Speed
Normal
Resources
Standard
Victory
Conquest
Starting age
Dark Age
Ending age
Imperial Age
RankedLock teamsTeams togetherTeam positionsShared explorationLock speedFull tech treeHidden civsTurbo modeCheats
Victory
Defeat
🇪🇸 Spanish · Spain
1145
+17
🇬🇧 Vikings · United Kingdom
1172
-17
shaqueador jlc
7:28 Loom
9:40 Feudal Age
12:18 Double-Bit Axe
12:57 Horse Collar
21:07 Castle Age
20:03 Bloodlines
20:43 Padded Archer Armor
22:10 Stone Mining
22:12 Gold Mining
22:59 Bow Saw
23:13 Horse Collar
23:52 Scale Barding Armor
25:37 Heavy Plow
25:54 Town Watch
26:16 Husbandry
32:19 Wheelbarrow
32:39 Leather Archer Armor
37:33 Imperial Age
35:41 Hand Cart
36:28 Forging
37:49 Devotion
38:13 Chain Barding Armor
38:04 Herbal Medicine
39:59 Conscription
40:32 Ring Archer Armor
39:59 Cavalier
42:09 Town Patrol
41:39 Elite Conquistador
Do Not Flush
9:36 Feudal Age
9:45 Man-at-Arms
10:48 Double-Bit Axe
11:37 Horse Collar
14:52 Loom
21:43 Castle Age
19:48 Scale Mail Armor
19:49 Gold Mining
20:19 Arson
21:47 Forging
22:25 Fletching
23:55 Squires
26:41 Chain Mail Armor
26:23 Elite Skirmisher
27:01 Bodkin Arrow
30:40 Bow Saw
31:33 Heavy Plow
32:30 Stone Mining
33:24 Ballistics
37:08 Padded Archer Armor
37:44 Iron Casting
40:20 Imperial Age
40:37 Leather Archer Armor
42:26 Plate Mail Armor
41:58 Bracer
Connection lost

Rejoining the realm…

Still unreachable

The connection could not be restored.

Session expired

The server has moved on; the page needs a fresh start.